[ AOE2 MATCH · #508831582 ]
UnrankedTatars vs Civ #60
Player's team · WIN
Rival team · LOSS
[ REPLAY ANALYSIS · EXTRACTED FROM THE RECORDED GAME ]
Feudal
10:54
Castle
17:12
Imperial
40:31
| APM avg | 54.5 |
| APM peak | 108 |
| eAPM avg | 12.4 |
| Villagers / military | 138 / 603 |
Focus
⚔️ 37.6% · 🌾 62.4%
Scout Cavalry ×492 · Cavalry Archer ×71 · Trebuchet (Packed) ×10 · Keshik ×9 · Mangonel ×8 · Skirmisher ×7
Feudal
10:35
Castle
20:58
Imperial
44:46
| APM avg | 35.7 |
| APM peak | 73 |
| eAPM avg | 28.6 |
| Villagers / military | 312 / 486 |
Focus
⚔️ 50.7% · 🌾 49.3%
Unknown (2703) ×352 · Spearman ×340 · Skirmisher ×136 · Archer ×7 · Trebuchet (Packed) ×3
Match map
Initial resources + every placement click. Lines = walls · curves = elevation contours. ◆ gold · ⬟ stone · ● berries · ✦ relic · ◌ wall gap
Your base· Open — opponent sealed themselves in
MouazMorad's base· ✓ Closed at 20:58 · 100t walls · 2 gate(s)
Smoothed initial terrain · ◌ = detected wall gap · hover for details
Inputs per minute
— 3000elo player - - MouazMorad
Build order — 3000elo player
First 150 of 579 actions detected
| 0:01 | Queue | Villager (Male) |
| 0:01 | Queue | Villager (Male) |
| 0:02 | Build | House |
| 0:04 | Build | House |
| 0:17 | Queue | Villager (Male) |
| 0:22 | Queue | Villager (Male) |
| 1:36 | Queue | Villager (Male) |
| 2:09 | Queue | Villager (Male) |
| 2:34 | Queue | Villager (Male) |
| 2:58 | Build | Barracks |
| 3:01 | Build | House |
| 3:09 | Queue | Villager (Male) |
| 3:09 | Queue | Villager (Male) |
| 3:38 | Queue | Villager (Male) |
| 3:39 | Queue | Villager (Male) |
| 4:06 | Queue | Militia |
| 4:06 | Queue | Militia |
| 4:10 | Queue | Villager (Male) |
| 4:32 | Queue | Villager (Male) |
| 5:08 | Queue | Villager (Male) |
| 5:17 | Build | House |
| 5:22 | Build | House |
| 5:46 | Queue | Villager (Male) |
| 5:48 | Queue | Villager (Male) |
| 6:22 | Queue | Villager (Male) |
| 6:40 | Queue | Villager (Male) |
| 7:13 | Queue | Villager (Male) |
| 7:18 | Build | Lumber Camp |
| 7:54 | Queue | Villager (Male) |
| 7:55 | Queue | Villager (Male) |
| 7:59 | Build | Lumber Camp |
| 8:03 | Build | House |
| 8:06 | Research | Loom |
| 8:36 | Research | Feudal Age |
| 9:14 | Build | Mill |
| 10:41 | Build | Mining Camp |
| 10:54 | Age | Feudal Age |
| 10:59 | Queue | Villager (Male) |
| 11:31 | Queue | Villager (Male) |
| 11:32 | Queue | Villager (Male) |
| 11:41 | Build | Farm |
| 12:22 | Build | Mill |
| 12:32 | Queue | Villager (Male) |
| 12:36 | Build | Archery Range |
| 12:40 | Build | Blacksmith |
| 13:01 | Queue | Villager (Male) |
| 13:01 | Queue | Villager (Male) |
| 13:44 | Build | Archery Range |
| 14:01 | Queue | Villager (Male) |
| 14:24 | Queue | Skirmisher |
| 14:29 | Build | House |
| 14:32 | Research | Castle Age |
| 15:02 | Queue | Skirmisher |
| 15:02 | Queue | Skirmisher |
| 15:05 | Build | House |
| 15:06 | Build | House |
| 15:21 | Research | Double-Bit Axe |
| 15:24 | Research | Gold Mining |
| 15:44 | Queue | Skirmisher |
| 15:44 | Queue | Skirmisher |
| 16:13 | Queue | Skirmisher |
| 16:13 | Queue | Skirmisher |
| 16:20 | Build | House |
| 16:35 | Research | Fletching |
| 16:57 | Queue | Archer |
| 16:58 | Queue | Archer |
| 17:12 | Age | Castle Age |
| 17:14 | Build | Palisade Wall |
| 17:15 | Queue | Villager (Male) |
| 17:31 | Build | Siege Workshop |
| 17:34 | Queue | Villager (Male) |
| 17:57 | Queue | Villager (Male) |
| 18:08 | Research | Gold Shaft Mining |
| 18:28 | Build | Farm |
| 18:28 | Build | Farm |
| 18:28 | Build | Farm |
| 18:29 | Build | Farm |
| 18:30 | Queue | Villager (Male) |
| 18:32 | Queue | Cavalry Archer ×5 |
| 18:55 | Queue | Cavalry Archer |
| 18:55 | Queue | Cavalry Archer |
| 18:57 | Queue | Villager (Male) |
| 19:16 | Queue | Villager (Male) |
| 19:19 | Build | House |
| 19:23 | Queue | Mangonel |
| 19:26 | Queue | Villager (Male) |
| 19:33 | Build | Palisade Wall |
| 19:39 | Build | Palisade Wall |
| 19:41 | Queue | Villager (Male) |
| 19:51 | Queue | Villager (Male) |
| 20:00 | Queue | Villager (Male) |
| 20:14 | Queue | Battering Ram |
| 20:26 | Queue | Villager (Male) |
| 20:31 | Build | House |
| 20:36 | Queue | Villager (Male) |
| 21:06 | Research | Bow Saw |
| 21:14 | Build | Farm |
| 21:15 | Build | Farm |
| 21:26 | Queue | Villager (Male) |
| 21:29 | Build | House |
| 21:36 | Queue | Cavalry Archer ×2 |
| 21:50 | Build | Farm |
| 21:50 | Queue | Villager (Male) |
| 22:04 | Build | House |
| 22:36 | Build | House |
| 23:05 | Queue | Villager (Male) |
| 23:05 | Queue | Villager (Male) |
| 23:27 | Queue | Cavalry Archer |
| 23:27 | Queue | Cavalry Archer |
| 23:28 | Queue | Villager (Male) |
| 23:33 | Queue | Villager (Male) |
| 24:30 | Queue | Mangonel |
| 24:30 | Queue | Mangonel |
| 24:31 | Queue | Villager (Male) |
| 24:31 | Queue | Villager (Male) |
| 24:32 | Queue | Villager (Male) |
| 24:38 | Build | House |
| 24:48 | Queue | Villager (Male) |
| 24:56 | Build | Mill |
| 24:57 | Build | Farm |
| 24:57 | Build | Farm |
| 24:57 | Build | Farm |
| 24:58 | Build | Farm |
| 24:58 | Build | Farm |
| 24:58 | Build | Farm |
| 24:59 | Build | Farm |
| 24:59 | Build | Farm |
| 25:04 | Build | Lumber Camp |
| 25:07 | Build | Town Center |
| 25:16 | Queue | Villager (Male) |
| 25:16 | Queue | Villager (Male) |
| 25:20 | Queue | Mangonel |
| 25:25 | Queue | Villager (Male) |
| 25:34 | Research | Bodkin Arrow |
| 25:54 | Queue | Villager (Male) |
| 25:54 | Queue | Villager (Male) |
| 26:25 | Queue | Villager (Male) |
| 26:25 | Queue | Villager (Male) |
| 26:31 | Queue | Cavalry Archer ×5 |
| 26:47 | Build | House |
| 26:48 | Queue | Villager (Male) |
| 26:52 | Research | Padded Archer Armor |
| 26:57 | Build | Farm |
| 26:57 | Build | Farm |
| 26:58 | Build | Farm |
| 26:58 | Build | Farm |
| 26:58 | Build | Farm |
| 26:58 | Build | Farm |
| 27:03 | Build | Lumber Camp |
| 27:10 | Queue | Villager (Male) |
Build order — MouazMorad
First 150 of 1468 actions detected
| 0:01 | Queue | Villager (Male) |
| 0:01 | Queue | Villager (Male) |
| 0:02 | Build | House |
| 0:05 | Build | House |
| 0:11 | Queue | Villager (Male) |
| 0:18 | Queue | Villager (Male) |
| 1:32 | Queue | Villager (Male) |
| 1:58 | Queue | Villager (Male) |
| 2:02 | Build | Lumber Camp |
| 2:28 | Queue | Villager (Male) |
| 2:48 | Queue | Villager (Male) |
| 3:13 | Queue | Villager (Male) |
| 3:41 | Build | House |
| 3:45 | Queue | Villager (Male) |
| 3:50 | Queue | Villager (Male) |
| 4:00 | Build | Palisade Wall |
| 4:16 | Build | Mill |
| 4:26 | Queue | Villager (Male) |
| 4:28 | Queue | Villager (Male) |
| 4:40 | Build | Palisade Wall |
| 4:49 | Queue | Villager (Male) |
| 5:19 | Build | House |
| 5:27 | Queue | Villager (Male) |
| 5:27 | Queue | Villager (Male) |
| 5:55 | Build | Palisade Wall |
| 6:09 | Build | Palisade Wall |
| 6:15 | Build | Palisade Wall |
| 6:37 | Queue | Villager (Male) |
| 6:52 | Research | Loom |
| 7:33 | Queue | Villager (Male) |
| 7:59 | Queue | Villager (Male) |
| 8:25 | Research | Feudal Age |
| 8:52 | Build | Palisade Wall |
| 8:54 | Build | Palisade Wall |
| 8:55 | Build | Palisade Wall |
| 9:11 | Queue | Villager (Male) |
| 9:34 | Build | House |
| 9:42 | Build | Palisade Wall |
| 10:35 | Age | Feudal Age |
| 10:36 | Build | Barracks |
| 10:39 | Research | Double-Bit Axe |
| 10:44 | Queue | Villager (Male) |
| 10:58 | Queue | Villager (Male) |
| 11:00 | Research | Horse Collar |
| 11:16 | Build | Farm |
| 11:25 | Build | Farm |
| 11:35 | Queue | Villager (Male) |
| 11:38 | Build | Mining Camp |
| 11:52 | Build | Archery Range |
| 11:54 | Queue | Villager (Male) |
| 12:02 | Queue | Villager (Male) |
| 12:18 | Queue | Villager (Male) |
| 12:40 | Build | Farm |
| 12:45 | Build | Farm |
| 12:49 | Build | House |
| 12:50 | Queue | Villager (Male) |
| 12:53 | Build | Farm |
| 12:58 | Queue | Skirmisher |
| 12:59 | Queue | Archer |
| 13:11 | Build | Farm |
| 13:22 | Queue | Archer |
| 13:24 | Queue | Villager (Male) |
| 13:35 | Build | Farm |
| 13:39 | Build | Farm |
| 13:46 | Build | House |
| 14:07 | Queue | Archer |
| 14:08 | Queue | Villager (Male) |
| 14:14 | Build | Farm |
| 14:16 | Build | House |
| 14:37 | Queue | Villager (Male) |
| 14:49 | Build | Gate |
| 14:51 | Build | House |
| 15:06 | Build | House |
| 15:07 | Queue | Villager (Male) |
| 15:07 | Queue | Villager (Male) |
| 15:17 | Build | Farm |
| 15:21 | Build | Farm |
| 15:24 | Queue | Archer |
| 15:28 | Build | Farm |
| 15:31 | Queue | Villager (Male) |
| 15:36 | Build | Farm |
| 15:41 | Queue | Archer |
| 15:43 | Queue | Villager (Male) |
| 16:00 | Build | Blacksmith |
| 16:33 | Build | Lumber Camp |
| 16:38 | Build | Farm |
| 16:49 | Queue | Archer |
| 16:50 | Queue | Villager (Male) |
| 17:26 | Queue | Villager (Male) |
| 17:37 | Build | Stone Wall |
| 17:50 | Queue | Villager (Male) |
| 18:10 | Build | Palisade Gate |
| 18:18 | Research | Castle Age |
| 18:27 | Build | Stone Wall |
| 18:37 | Build | Stone Wall |
| 18:51 | Build | Lumber Camp |
| 19:02 | Build | Stone Wall |
| 19:20 | Build | Barracks |
| 19:27 | Queue | Villager (Male) |
| 19:31 | Build | Mining Camp |
| 19:42 | Build | House |
| 19:49 | Research | Scale Mail Armor |
| 19:49 | Research | Forging |
| 20:13 | Research | Gold Mining |
| 20:13 | Research | Stone Mining |
| 20:38 | Build | House |
| 20:43 | Research | Fletching |
| 20:44 | Research | Padded Archer Armor |
| 20:58 | Build | Barracks |
| 20:58 | Age | Castle Age |
| 21:04 | Research | Chain Mail Armor |
| 21:08 | Queue | Unit 2703 |
| 21:08 | Queue | Unit 2703 |
| 21:23 | Queue | Villager (Male) |
| 21:31 | Queue | Unit 2703 |
| 21:44 | Build | Town Center |
| 21:47 | Queue | Villager (Male) |
| 21:51 | Queue | Unit 2703 |
| 21:52 | Queue | Unit 2703 |
| 21:52 | Queue | Unit 2703 |
| 22:00 | Queue | Unit 2703 |
| 22:00 | Queue | Unit 2703 |
| 22:14 | Build | Gate |
| 22:18 | Queue | Unit 2703 |
| 22:18 | Queue | Unit 2703 |
| 22:25 | Build | Stone Wall |
| 22:32 | Build | Farm |
| 22:40 | Build | House |
| 22:44 | Build | House |
| 22:50 | Queue | Villager (Male) |
| 22:50 | Queue | Villager (Male) |
| 23:01 | Queue | Unit 2703 |
| 23:02 | Queue | Unit 2703 |
| 23:14 | Build | Farm |
| 23:17 | Build | Farm |
| 23:21 | Queue | Unit 2703 |
| 23:21 | Queue | Unit 2703 |
| 23:26 | Build | Farm |
| 23:40 | Build | Mill |
| 23:41 | Build | Farm |
| 23:50 | Queue | Villager (Male) |
| 23:50 | Queue | Villager (Male) |
| 24:24 | Build | Gate |
| 24:26 | Queue | Villager (Male) |
| 24:32 | Queue | Unit 2703 |
| 24:32 | Queue | Unit 2703 |
| 24:32 | Queue | Unit 2703 |
| 24:34 | Queue | Villager (Male) |
| 24:37 | Build | Farm |
| 24:41 | Build | Farm |
Match timeline
| 2:58 | 3000elo player · first_building Barracks |
| 4:00 | MouazMorad · wall_segment Palisade Wall x5 |
| 4:40 | MouazMorad · wall_segment Palisade Wall x10 |
| 5:55 | MouazMorad · wall_segment Palisade Wall x11 |
| 6:09 | MouazMorad · wall_segment Palisade Wall x11 |
| 6:15 | MouazMorad · wall_segment Palisade Wall x14 |
| 8:52 | MouazMorad · wall_segment Palisade Wall x4 |
| 8:54 | MouazMorad · wall_segment Palisade Wall x1 |
| 8:55 | MouazMorad · wall_segment Palisade Wall x1 |
| 9:42 | MouazMorad · wall_segment Palisade Wall x11 |
| 10:35 | MouazMorad · age_up feudal |
| 10:36 | MouazMorad · first_building Barracks |
| 10:54 | 3000elo player · age_up feudal |
| 11:52 | MouazMorad · first_building Archery Range |
| 12:36 | 3000elo player · first_building Archery Range |
| 17:12 | 3000elo player · age_up castle |
| 17:14 | 3000elo player · wall_segment Palisade Wall x5 |
| 17:31 | 3000elo player · first_building Siege Workshop |
| 17:37 | MouazMorad · wall_segment Stone Wall x6 |
| 18:27 | MouazMorad · wall_segment Stone Wall x7 |
| 18:37 | MouazMorad · wall_segment Stone Wall x9 |
| 19:02 | MouazMorad · wall_segment Stone Wall x10 |
| 19:33 | 3000elo player · wall_segment Palisade Wall x8 |
| 19:39 | 3000elo player · wall_segment Palisade Wall x7 |
| 20:58 | MouazMorad · age_up castle |
| 22:25 | MouazMorad · wall_segment Stone Wall x1 |
| 26:19 | MouazMorad · first_market_buy 100 food |
| 27:46 | 3000elo player · first_building Stable |
| 30:44 | 3000elo player · first_building Monastery |
| 32:58 | 3000elo player · first_building Castle |
| 34:30 | MouazMorad · first_building Castle |
| 37:36 | 3000elo player · wall_segment Stone Wall x10 |
| 37:41 | 3000elo player · wall_segment Stone Wall x11 |
| 37:48 | 3000elo player · wall_segment Stone Wall x10 |
| 39:31 | 3000elo player · wall_segment Stone Wall x13 |
| 40:31 | 3000elo player · age_up imperial |
| 41:05 | MouazMorad · first_market_sell 100 food |
| 44:46 | MouazMorad · age_up imperial |
| 50:08 | 3000elo player · wall_segment Stone Wall x1 |
| 57:47 | 3000elo player · wall_segment Palisade Wall x5 |
| 57:56 | 3000elo player · wall_segment Palisade Wall x1 |
| 63:13 | 3000elo player · first_market_sell 500 wood |
| 64:17 | MouazMorad · wall_segment Stone Wall x9 |
| 73:07 | 3000elo player · wall_segment Stone Wall x9 |
| 80:04 | MouazMorad · resign |
[ AI ANALYSIS · 1 CREDIT ]
What really happened in this match?
Wolo.gg analyzes every decision: build order, eco, micro, common mistakes by bracket. Personalized analysis on WhatsApp or Discord in 30 seconds.
Civ guide
Tatars
Perfil
Jugador #25597561